 Dungeon Crawl Stone Soup version 0.20.1-1-g8b1a95d66d (webtiles) character file.

72 NullDivider the Sneak (level 4, 0/28 HPs)
             Began as an Octopode Artificer on Dec 6, 2017.
             Killed from afar by an orc wizard (9 damage)
             ... with a magic dart
             ... on level 3 of the Dungeon.
             The game lasted 00:07:37 (2433 turns).

NullDivider the Sneak (Octopode Artificer)          Turns: 2433, Time: 00:07:37

Health: 0/28       AC:  1    Str: 11    XL:     4   Next: 26%
Magic:  6/6        EV: 13    Int: 13    God:
Gold:   166        SH:  0    Dex: 13    Spells: 3/3 levels left

rFire    . . .     SeeInvis .   a - +0 short sword
rCold    . . .     Gourm    .   (no shield)
rNeg     . . .     Faith    .   (helmet restricted)
rPois    .         Spirit   .   (no amulet)
rElec    .         Reflect  .   (no ring)
rCorr    .         Harm     .   (no ring)
MR       .....                  (no ring)
Stlth    +++.......             (no ring)
Regen    0.1/turn               (no ring)
MPRegen  0.1/turn               (no ring)
                                (no ring)
                                (no ring)

@: no status effects
A: almost no armour, stealthy swim, amphibious, 8 rings, constrict 8, camouflage
1, gelatinous body 1
a: no special abilities


You were on level 3 of the Dungeon.
You were not hungry.

You visited 1 branch of the dungeon, and saw 3 of its levels.

You collected 166 gold pieces.

Inventory:

Hand Weapons
 a - a +0 short sword (weapon)
Jewellery
 u - an uncursed ring of protection from cold {unknown}
Wands
 b - a wand of flame (10/48)
 c - a wand of enslavement (15/24)
 d - a wand of random effects (15/48)
Scrolls
 e - a scroll of enchant weapon {unknown}
 i - a scroll of blinking {unknown}
 j - a scroll of immolation {unknown}
 l - a scroll of random uselessness {unknown}
 n - a scroll of recharging {unknown}
 o - 6 scrolls of remove curse {unknown}
 p - 2 scrolls of amnesia {unknown}
 r - 2 scrolls of identify {unknown}
 t - a scroll of magic mapping {unknown}
Potions
 h - 2 potions of ambrosia {unknown}
 k - 2 potions of flight {unknown}
 m - a potion of resistance {unknown}
 s - a potion of curing {unknown}
Comestibles
 f - 2 bread rations
 g - 2 meat rations
 q - 9 chunks of flesh


   Skills:
 + Level 1.3 Fighting
 + Level 2.0 Short Blades
 + Level 2.2 Dodging
 * Level 4.0 Stealth
 + Level 3.7 Evocations


You had 3 spell levels left.
You didn't know any spells.

Dungeon Overview and Level Annotations

Branches:
Dungeon (3/15)

Altars:
Elyvilon
Sif Muna


Innate Abilities, Weirdness & Mutations

You cannot wear most types of armour.
You are very stealthy in the water. (Stealth+)
You are amphibious.
You can wear up to eight rings at the same time.
You can use your tentacles to constrict eight enemies at once.
Your skin changes colour to match your surroundings (Stealth+).
Your rubbery body absorbs attacks. (AC +1, EV +1)


Message History

The magic dart hits you!
Evoke which item? (* to show all) (? for menu, Esc to quit)
Aiming: Throw Flame
Press: ? - help, Shift-Dir - straight line The puff of flame misses the orc.
This wand has 12 charges left.
Evoke which item? (* to show all) (? for menu, Esc to quit)
Aiming: Throw Flame
Press: ? - help, Shift-Dir - straight line The puff of flame hits the orc.
The orc is moderately wounded.
This wand has 11 charges left.
Something hits you.
Evoke which item? (* to show all) (? for menu, Esc to quit)
Aiming: Throw Flame
Press: ? - help, Shift-Dir - straight line The puff of flame hits something.
This wand has 10 charges left.
Something hits you.
You hear some strange, mumbled words.
A magic dart appears from out of thin air!
The magic dart hits you!
You die...

..# .(#
..###############################
..'........................(.....
..#.##.#.#.....##################
...........###.# ..)
.#.......#.#...# ######....
#####.#..###.#####.........
................@)o.o...oo.
.........#.####.##.........
.........#.# #.##.....####
.........#.# #.##.....#
.........#.# #.##.....#
......####.# #....#####
......####.# ####.. ##
.........#'#### #.. #.##.
..............# #.##.


You could see 2 orcs.

Vanquished Creatures
  2 worms (D:2)
  A dart slug (D:1)
  2 leopard geckos
  3 orcs (D:3)
  2 ball pythons (D:3)
  7 bats
  5 giant cockroaches
  5 goblins
  5 hobgoblins
  2 quokkas (D:2)
  3 frilled lizards
  6 kobolds
  11 rats
54 creatures vanquished.

Notes
Turn   | Place    | Note
-------+----------+-------------------------------------------
     0 | D:1      | NullDivider the Octopode Artificer began the quest for the Orb.
     0 | D:1      | Reached XP level 1. HP: 13/13 MP: 3/3
   298 | D:1      | Reached XP level 2. HP: 18/18 MP: 4/4
   372 | D:1      | Reached skill level 2 in Stealth
  1079 | D:1      | Reached XP level 3. HP: 23/23 MP: 5/5
  1148 | D:2      | Reached skill level 3 in Stealth
  1869 | D:2      | Found a deep blue altar of Sif Muna.
  1978 | D:3      | Found a white marble altar of Elyvilon.
  2089 | D:3      | Reached XP level 4. HP: 28/28 MP: 6/6
  2328 | D:3      | Reached skill level 4 in Stealth
  2433 | D:3      | Killed from afar by an orc wizard

Skill      XL: |  1  2  3  4 |
---------------+-------------+-----
Stealth        | 2 3 4 |  4.0
Short Blades   | 2 |  2.0
Fighting       | |  1.3
Dodging        | |  2.2
Evocations     | |  3.7

Action                   |  1- 3 |  4- 6 || total
-------------------------+-------+-------++-------
Melee: Short sword       |    77 |    17 ||    94
       Constrict         |    18 |     4 ||    22
       Tentacles         |    12 |     2 ||    14
Evoke: Wand              |       |     5 ||     5
 Stab: Sleeping          |    11 |     6 ||    17
  Eat: Chunk             |     4 |     1 ||     5
Armor: Skin              |     7 |     1 ||     8
Dodge: Dodged            |    38 |     4 ||    42
